Map: Sanctuary III LE

Players

HeroMarine

  • Race: Terran Terran
  • Spawn Location: 1:00

Krystianer - Winner!

  • Race: Protoss Protoss
  • League: Grandmaster
  • Spawn Location: 7:00

Event: HomeStory Cup XXIX

VOD

Have the link to the VOD?

Description

Time

  • Played on: July 3, 2026, 9:26 a.m.
  • Length: 4:16

All games in this series

Show
View Real Time Build Order
Export as new Build Order

HeroMarine Terran 

Build Orders: Reaper Expand 

Get SALT Encoding   

  8  0:00  SCV  
  9  0:12  SCV  
  10  0:24  SCV  
  10  0:27  Supply Depot  
  11  0:36  SCV  
  12  0:48  SCV  
  13  0:53  Barracks  
  13  1:01  Refinery  
  13  1:06  SCV  
  14  1:18  SCV  
  15  1:30  SCV  
  16  1:43  Orbital Command  
  16  1:44  Reaper  
  17  2:08  SCV  
  18  2:11  Command Center  
  18  2:18  Marine  
  18  2:20  SCV  
  20  2:24  Supply Depot  
  20  2:32  SCV  
  21  2:37  Factory  
  21  2:45  Barracks Reactor  
  21  2:46  SCV  
  21  2:49  Refinery  
  22  2:56  Marine  
  22  2:58  SCV  
  22  3:10  SCV  
  21  3:14  Marine  
  19  3:32  Marine  
  19  3:39  Widow Mine  
  18  3:49  Marine  
Show
View Real Time Build Order
Export as new Build Order

Krystianer Protoss - Winner!

Build Orders: Proxy 2 Gate 

Get SALT Encoding   

  8  0:00  Probe  
  9  0:12  Probe (Chrono Boost)  
  11  0:21  Probe (Chrono Boost)  
  11  0:26  Probe (Chrono Boost)  
  12  0:40  Pylon, Probe  
  13  0:58  Gateway  
  13  1:11  Gateway  
  13  1:17  Probe  
  14  1:19  Assimilator  
  14  1:29  Probe  
  15  1:41  Probe  
  15  1:45  Cybernetics Core  
  16  1:48  Pylon  
  16  1:57  Zealot (Chrono Boost)  
  18  2:06  Zealot (Chrono Boost)  
  20  2:22  Stalker (Chrono Boost)  
  24  2:30  Stalker (Chrono Boost)  
  24  2:36  Shield Battery  
  23  2:46  Stalker  
  25  2:57  Stalker  
  27  3:09  Pylon  
  27  3:20  Stalker (Chrono Boost)  
  24  3:34  Probe  
  24  3:35  Stalker (Chrono Boost)  
  26  3:46  Probe  
  29  3:58  Probe  
Tags
 
Add a new tag
Caveats
  • Supply blocks, unpowered buildings, or Contaminate may cause inaccurate times.
  • Supply counts are checked every 10 seconds.